 Dungeon Crawl Stone Soup version 0.29.1-14-g9c671dbff4 (webtiles) character file.

Game seed: 8816783380861067680

11819 MacCMillion the Grappler (level 11, 0/110 HPs)
             Began as a Troll Fighter on Feb 20, 2023.
             Was a Priest of Wu Jian.
             Slain by a tengu warrior
             ... wielding a +0 bardiche
              (26 damage)
             ... on level 10 of the Dungeon.
             The game lasted 00:20:29 (12438 turns).

MacCMillion the Grappler (Troll Fighter)           Turns: 12438, Time: 00:20:29

Health: 0/110      AC: 11    Str: 26    XL:     11   Next: 54%
Magic:  10/10      EV:  9    Int:  8    God:    Wu Jian [***...]
Gold:   611        SH:  9    Dex:  9    Spells: 10/10 levels left

rFire   . . .      SeeInvis .     - Unarmed
rCold   . . .      Faith    .   b - +0 kite shield
rNeg    + . .      Spirit   .   m - +0 troll leather armour {Pargi}
rPois   .          Reflect  .   (helmet restricted)
rElec   .          Harm     .   E - +0 cloak
rCorr   .          Rampage  .   (gloves unavailable)
Will    .....                   (boots unavailable)
Stlth   +.........              (no amulet)
HPRegen 1.88/turn               G - ring of positive energy
MPRegen 0.12/turn               H - +4 ring of protection

@: no status effects
A: large, unfitting armour, claws 3, regeneration 1, shaggy fur 1, tough skin 1
a: Renounce Religion, Wall Jump, Serpent's Lash


You were on level 10 of the Dungeon.
You worshipped Wu Jian.
Wu Jian was most pleased with you.
You visited 2 branches of the dungeon, and saw 11 of its levels.
You also visited: Sewer.

You collected 797 gold pieces.
You spent 186 gold pieces at shops.

Inventory:

Missiles
 r - 25 poisoned darts (quivered)
 A - 3 throwing nets
 F - a boomerang
 L - 3 atropa-tipped darts
 M - a curare-tipped dart
Armour
 b - a +0 kite shield (worn)
 l - a +0 tower shield
 m - a +0 troll leather armour (worn) {Pargi}
 E - a +0 cloak (worn)
Jewellery
 c - a +6 ring of intelligence
 v - a ring of wizardry
 G - a ring of positive energy (left claw)
 H - a +4 ring of protection (right claw)
 K - a ring of flight
 S - the ring "Huadunaf" {Wiz rF- Int+4 Dex+3}
   (You bought it in a shop on level 10 of the Dungeon)

   [ring of wizardry]

   It improves your spell success rate.
   Int:       It affects your intelligence (+4).
   Dex:       It affects your dexterity (+3).
   rF:        It makes you vulnerable to fire.
 U - a +4 ring of protection
Wands
 u - a wand of roots (9)
 B - a wand of mindburst (8)
 J - a wand of digging (6)
 O - a wand of charming (10)
 P - a wand of polymorph (10)
 Q - a wand of flame (8)
 R - a wand of quicksilver (3)
Scrolls
 a - a scroll of brand weapon {unknown}
 d - 5 scrolls of butterflies
 h - 3 scrolls of teleportation
 n - a scroll of summoning {unknown}
 o - a scroll of acquirement {unknown}
 p - 2 scrolls of blinking {unknown}
 t - 2 scrolls of enchant weapon {unknown}
 y - 2 scrolls of vulnerability {unknown}
 z - 3 scrolls of enchant armour {unknown}
 D - 2 scrolls of poison {unknown}
 I - 3 scrolls of fear {unknown}
 N - a scroll of magic mapping {unknown}
 T - a scroll of amnesia
Potions
 e - 3 potions of degeneration
 f - 2 potions of haste
 g - 3 potions of cancellation
 i - 2 potions of attraction
 j - 2 potions of resistance {unknown}
 k - 2 potions of heal wounds {unknown}
 q - 5 potions of lignification
 s - 2 potions of flight {unknown}
 w - 6 potions of curing {unknown}
 x - a potion of mutation {unknown}
 C - 2 potions of magic {unknown}


   Skills:
 + Level 7.7 Fighting
 + Level 5.9 Dodging
 + Level 8.5 Shields
 * Level 12.5 Unarmed Combat


You had 10 spell levels left.
You didn't know any spells.
Your spell library contained the following spells:

 Spells                   Type           Power      Damage    Failure   Level
 Apportation              Tloc           0%         N/A       69%         1
 Necrotise                Necr           0%         1d4       69%         1
 Summon Small Mammal      Summ           0%         N/A       69%         1
 Ensorcelled Hibernation  Hex/Ice        0%         N/A       83%         2
 Passwall                 Tmut/Erth      0%         N/A       83%         2
 Poisonous Vapours        Pois/Air       0%         N/A       83%         2
 Spider Form              Tmut/Pois      0%         N/A       96%         3
 Swiftness                Air            0%         N/A       96%         3
 Anguish                  Hex/Necr       0%         N/A       100%        4
 Corpse Rot               Necr/Pois/Air  0%         N/A       100%        4


Dungeon Overview and Level Annotations

Branches:
Dungeon (10/15)            Temple (1/1) D:7            Lair (0/5) D:8
  Sewer (visited)
    Orc: D:9-12

Altars:
Ashenzari
Cheibriados
Dithmenos
Fedhas
Gozag
Hepliaklqana
Makhleb
Nemelex Xobeh
Okawaru
Qazlal
Sif Muna
Vehumet
Wu Jian
Xom
Zin
The Shining One

Shops:
D:4 *   D:10 *

Annotations:
D:2 1 runed translucent door, Crazy Yiuf
D:8 1 runed translucent door, H0rd4k's ghost, novice OpAr
D:9 3 runed translucent doors, duchin's ghost, novice MfBe


Innate Abilities, Weirdness & Mutations

You are too large for most types of armour.
You have claws for hands.
Your natural rate of healing is unusually fast.
You are covered in fur. (AC +1)
You have tough skin. (AC +1)


Message History

There is an open door here.
A tengu warrior is nearby!
There is an open door here.
You start waiting.
A tengu warrior is nearby!
The tengu warrior shouts!
The tengu warrior shoots an arrow.
The arrow hits you!
There is an open door, spattered with blood here.
You lunge at the tengu warrior.
You scratch the tengu warrior.
The tengu warrior is lightly wounded.
The tengu warrior unwields a +0 longbow.
The tengu warrior wields a +0 bardiche.
The tengu warrior hits you with a +0 bardiche!
You block the tengu warrior's attack.
The tengu warrior claws you but does no damage.
You claw the tengu warrior!
The tengu warrior is moderately wounded.
You claw the tengu warrior!
The tengu warrior is heavily wounded.
The tengu warrior hits you with a +0 bardiche!
You block the tengu warrior's attack. x2
You scratch the tengu warrior.
The tengu warrior is heavily wounded.
The tengu warrior hits you with a +0 bardiche.
You block the tengu warrior's attack.
The tengu warrior claws you but does no damage.
You mangle the tengu warrior!!
The tengu warrior is almost dead.
The tengu warrior hits you with a +0 bardiche!!
The tengu warrior barely misses you. The tengu warrior claws you.
You miss the tengu warrior.
The tengu warrior is almost dead.
The tengu warrior hits you with a +0 bardiche!!
* * * LOW HITPOINT WARNING * * *
You block the tengu warrior's attack. The tengu warrior claws you.
* * * LOW HITPOINT WARNING * * *
You closely miss the tengu warrior.
The tengu warrior is almost dead.
The tengu warrior hits you with a +0 bardiche!!
You die...

.............#.......... #.#
...........###.......... #.#
...........#............ ###.#
.....Q.....#............ #...####
...........#............ #.......
...........#............ #.....).
.......... #............ #.......
...........#####'#########.......
................@................
########........Q................
# #......................... #
#......................... ##
#......................... .#
#...................###### .#
#.......)...........# .#
#....)..)...........# .#
#....###########....#


You could see a tengu warrior.

Vanquished Creatures
  A two-headed ogre (D:8)
  5 large abominations (D:9)
  A wizard (D:9)
  A deep elf pyromancer (D:10)
  2 komodo dragons
  An unseen horror (D:10)
  A troll (D:9)
  A hornet (D:9)
  A shadow (D:10)
  14 yaks (D:10)
  2 steam dragons
  2 water moccasins
  An ice beast (D:5)
  4 orc warriors
  A sky beast (D:8)
  Pargi (Sewer)
  5 ogres
  6 centaurs
  A phantom (D:5)
  4 kobold brigands
  4 bullfrogs
  2 necrophages (D:6)
  2 gnoll sergeants
  7 small abominations (D:9)
  2 scorpions (D:6)
  11 wights
  12 killer bees (D:9)
  6 howler monkeys
  A jelly (D:7)
  10 hounds
  3 gnoll boudas (D:6)
  4 orc priests
  An iron imp (D:7)
  5 iguanas
  Ijyb (D:3)
  5 orc wizards
  4 adders
  11 gnolls
  A shadow imp (D:5)
  A white imp (D:4)
  2 worms
  3 dart slugs
  16 orcs
  4 ball pythons
  9 endoplasms
  3 giant cockroaches
  6 goblins
  9 hobgoblins
  3 jackals
  6 quokkas
  2 bats
  11 frilled lizards
  3 goblin skeletons (D:4)
  A goblin zombie (D:4)
  3 hobgoblin zombies (D:4)
  19 kobolds
  2 orc skeletons (D:4)
  An orc zombie (D:4)
  2 rats (D:1)
253 creatures vanquished.

Vanquished Creatures (others)
  An orc (D:6)
  A fungus (D:2)
  87 plants
89 creatures vanquished.

Grand Total: 342 creatures vanquished

Notes
Turn   | Place    | Note
-------+----------+-------------------------------------------
     0 | D:1      | MacCMillion the Troll Fighter began the quest for the Orb.
     0 | D:1      | Reached XP level 1. HP: 22/22 MP: 0/0
   300 | D:1      | Reached XP level 2. HP: 26/29 MP: 1/1
   898 | D:2      | Found a stormy altar of Qazlal.
  1160 | D:2      | Reached XP level 3. HP: 34/36 MP: 2/2
  1433 | D:2      | Reached skill level 3 in Unarmed Combat
  1604 | D:2      | Found a runed translucent door.
  1605 | D:2      | Noticed Crazy Yiuf
  1692 | D:3      | You fall into a shaft and drop 3 floors!
  1743 | D:6      | Noticed an ogre
  1753 | D:5      | Entered Level 5 of the Dungeon
  1841 | D:5      | Noticed a phantom
  1855 | D:5      | Killed a phantom
  1856 | D:5      | Reached XP level 4. HP: 34/45 MP: 3/3
  1870 | D:5      | Reached skill level 4 in Unarmed Combat
  1870 | D:5      | Reached XP level 5. HP: 51/53 MP: 4/4
  1941 | D:5      | Noticed an ogre
  1959 | D:5      | Killed an ogre
  2006 | D:6      | Killed an ogre
  2007 | D:6      | Reached XP level 6. HP: 38/61 MP: 5/5
  2124 | D:6      | Reached skill level 5 in Unarmed Combat
  2209 | D:6      | Found a glowing drain.
  2225 | Sewer    | Entered a sewer
  2296 | Sewer    | Noticed Pargi
  2308 | Sewer    | Killed Pargi
  2309 | Sewer    | Reached XP level 7. HP: 59/68 MP: 6/6
  2625 | D:5      | Reached skill level 6 in Unarmed Combat
  3106 | D:4      | Found Iozyob's Incredible Inventory.
  3136 | D:4      | Bought a scroll of identify for 26 gold pieces
  3215 | D:4      | Found a glowing golden altar of the Shining One.
  3674 | D:5      | Reached skill level 5 in Shields
  3674 | D:5      | Reached skill level 7 in Unarmed Combat
  3674 | D:5      | Reached XP level 8. HP: 74/79 MP: 7/7
  4405 | D:6      | Reached skill level 5 in Fighting
  4549 | D:6      | Reached skill level 8 in Unarmed Combat
  4826 | D:7      | Found a staircase to the Ecumenical Temple.
  4866 | Temple   | Entered the Ecumenical Temple
  4983 | Temple   | Became a worshipper of the Wu Jian Council
  5171 | D:3      | Found a faded altar of an unknown god.
  5354 | D:3      | Noticed Ijyb
  5368 | D:3      | Killed Ijyb
  5924 | D:5      | Reached XP level 9. HP: 88/88 MP: 8/8
  7365 | D:6      | Reached * piety under Wu Jian
  7384 | D:6      | Reached skill level 9 in Unarmed Combat
  8643 | D:7      | Found a snail-covered altar of Cheibriados.
  9057 | D:8      | Noticed a two-headed ogre
  9152 | D:8      | Reached ** piety under Wu Jian
  9173 | D:8      | Found a staircase to the Lair.
  9188 | D:8      | Noticed a komodo dragon
  9193 | D:8      | Reached skill level 10 in Unarmed Combat
  9197 | D:8      | Killed a komodo dragon
  9336 | D:8      | Reached XP level 10. HP: 96/100 MP: 9/9
  9342 | D:8      | Found a runed translucent door.
  9433 | D:8      | Noticed H0rd4k's ghost (novice OpAr)
  9585 | D:8      | Killed a two-headed ogre
 10483 | D:9      | Paralysed by a hornet for 3 turns
 10488 | D:9      | Paralysed by a hornet for 1 turns
 10490 | D:9      | Reached skill level 11 in Unarmed Combat
 10631 | D:9      | Found a runed translucent gate.
 10632 | D:9      | Found a runed translucent gate.
 10633 | D:9      | Found a runed translucent gate.
 10634 | D:9      | Noticed duchin's ghost (novice MfBe)
 10774 | D:9      | Noticed a wizard
 10791 | D:9      | Killed a wizard
 10998 | D:9      | Noticed a large abomination
 11006 | D:9      | Reached skill level 5 in Dodging
 11259 | D:9      | Killed a large abomination
 11325 | D:9      | Reached XP level 11. HP: 88/109 MP: 10/10
 11350 | D:9      | Reached *** piety under Wu Jian
 11515 | D:10     | Entered Level 10 of the Dungeon
 11748 | D:10     | Found Qehez's Antique Artefacts.
 11779 | D:10     | Reached skill level 12 in Unarmed Combat
 11954 | D:10     | Bought a clouded amber ring for 160 gold pieces
 11954 | D:10     | Identified the ring "Huadunaf" {Wiz rF- Int+4 Dex+3} (You
                  | bought it in a shop on level 10 of the Dungeon)
 12127 | D:10     | Noticed a deep elf pyromancer
 12130 | D:10     | Noticed a tengu warrior
 12131 | D:10     | Noticed a centaur warrior
 12136 | D:10     | Killed a deep elf pyromancer
 12438 | D:10     | Slain by a tengu warrior

Illustrated notes

Levels and vault maps discovered:
D:1:      nzn_arrival_water_spiral, layout_basic, minmay_strange_pillars
D:2:      layout_loops_cross, basic_altar, minmay_misc_feat_encased,
          kennysheep_generic_room_3, uniq_crazy_yiuf_cottage
D:3:      layout_basic, shapermc_ecumenical_altar_mp_ritualfount, uniq_ijyb
D:4:      layout_loops_ring, nicolae_tso_besieged_by_evil,
          nicolae_alphabet_shops, amethyst_killhole
D:5:      wad_lake_hut, layout_basic
D:6:      kennysheep_housing_project, layout_loops_cross,
          cheibrodos_sewer_entry_sluice, grunt_decor_mini_mirrors
D:7:      layout_loops_ring, chei_slow_surprise, minmay_temple_entry_mist,
          corexii_checkpoint_b
D:8:      layout_basic, david_lair_shrubbed, gammafunk_ghost_grave
D:9:      layout_loops_ring, gammafunk_ghost_necromancy, laboratory
D:10:     hangedman_cross_veins, layout_irregular_city,
          nicolae_antique_artefacts, uniq_sonja
Temple:   nicolae_temple_slightly_damp_pantheon

Skill      XL: |  1  2  3  4  5  6  7  8  9 10 11 |
---------------+----------------------------------+-----
Shields        | 3 4 5 6 7 8 |  8.5
Unarmed Combat | 3 4 5 7 8 10 11 12 | 12.5
Fighting       | 3 4 5 6 7 |  7.7
Dodging        | 3 5 |  5.9

Action                   |  1- 3 |  4- 6 |  7- 9 | 10-12 || total
-------------------------+-------+-------+-------+-------++-------
Melee: Unarmed           |   101 |    63 |   407 |   334 ||   905
Throw: Dart              |       |       |     2 |     3 ||     5
       Throwing net      |       |       |       |     1 ||     1
Invok: Lunge             |       |       |    23 |    17 ||    40
       Whirlwind         |       |       |    25 |     4 ||    29
  Use: Scroll            |     2 |       |     3 |     4 ||     9
       Potion            |       |       |       |     1 ||     1
 Stab: Sleeping          |     2 |       |       |       ||     2
Armor: Robe              |    21 |    14 |       |       ||    35
       Troll leather arm |       |       |   139 |    88 ||   227
Dodge: Dodged            |    16 |    17 |   134 |    95 ||   262
Block: Kite shield       |    26 |    20 |   132 |   139 ||   317
